AoeStats
← Morty

MegaRandom

508774462Analyzed
3v3 RM · 7d ago on Sep 24, 2026· 21m 34s· 6 players
Game mode
Random Map
Map size
Normal (6 player)
Population
200
Speed
Normal
Resources
Standard
Victory
Conquest
Starting age
Dark Age
Ending age
Imperial Age
RankedLock teamsTeams togetherTeam positionsShared explorationLock speedFull tech treeHidden civsTurbo modeCheats
Victory
Defeat
🇮🇱 Lithuanians · Israel
872
+18
🇺🇸 Huns · United States
840
+19
🇺🇸 Franks · United States
811
+20
🇫🇷 Sicilians · France
926
-20
🇫🇷 Malians · France
907
-19
🇺🇸 Jurchens · United States
885
-18
Teblu
4:36 Loom
14:19 Feudal Age
14:43 Man-at-Arms
18:29 Horse Collar
Sovietsanta87
8:29 Loom
11:31 Loom
14:04 Feudal Age
20:36 Castle Age
20:33 Double-Bit Axe
Noder Neder WAKANDA
14:34 Feudal Age
15:38 Double-Bit Axe
15:48 Town Watch
17:40 Bloodlines
18:22 Forging
19:51 Scale Barding Armor
22:05 Wheelbarrow
21:16 Loom
laduve71
13:01 Loom
16:21 Feudal Age
17:47 Double-Bit Axe
17:46 Horse Collar
Morty
14:11 Loom
16:40 Feudal Age
19:07 Stone Mining
-ET-85-
14:12 Feudal Age
Connection lost

Rejoining the realm…

Still unreachable

The connection could not be restored.

Session expired

The server has moved on; the page needs a fresh start.